 Dungeon Crawl Stone Soup version 0.30-a0-174-gbc10bd73c2 (webtiles) character file.

Game seed: 9523907014923881336

1731 qw the Cleaver (level 9, -5/55 HPs)
             Began as a Gargoyle Fighter on Oct 1, 2022.
             Was a Follower of Okawaru.
             Slain by a two-headed ogre
             ... wielding a +0 giant club
              (9 damage)
             ... on level 6 of the Dungeon.
             The game lasted 00:02:20 (5008 turns).

qw the Cleaver (Gargoyle Fighter)                   Turns: 5008, Time: 00:02:21

Health: -5/55      AC: 23    Str: 24    XL:     9   Next: 5%
Magic:  5/11       EV:  9    Int:  9    God:    Okawaru [*.....]
Gold:   258        SH: 11    Dex: 15    Spells: 8/8 levels left

rFire   . . .      SeeInvis .    Y - +0 war axe
rCold   . . .      Faith    .    c - +0 buckler
rNeg    + . .      Spirit   .    h - +0 plate armour
rPois   inf        Reflect  +    a - +0 helmet
rElec   +          Harm     .    s - +0 cloak
rCorr   .          Rampage  .    (no gloves)
Will    .....                    (no boots)
Stlth   ..........               q - amulet of reflection
HPRegen 0.29/turn                m - +6 ring of dexterity
MPRegen 0.12/turn                (no ring)

@: heroic
A: sickness immunity, AC +6, negative energy resistance 1, electricity
resistance, torment resistance 1, petrification resistance
a: Renounce Religion, Heroism


You were on level 6 of the Dungeon.
You worshipped Okawaru.
Okawaru was aware of your devotion.
You visited 2 branches of the dungeon, and saw 7 of its levels.

You collected 258 gold pieces.


Innate Abilities, Weirdness & Mutations

You are immune to sickness and miasma.
Your stone body is resilient. (AC +6)
You are immune to poison.
You resist negative energy. (rN+)
You are resistant to electric shocks. (rElec)
You are resistant to unholy torment.
You are immune to petrification.


   Skills:
 - Level 6.0(11.0) Fighting
 + Level 8.1(13.1) Axes
 - Level 1.0(6.0) Throwing
 - Level 5.0(10.0) Armour
 - Level 1.0(6.0) Dodging
 - Level 3.2(8.2) Shields
 + Level 3.6 Invocations


You had 8 spell levels left.
You didn't know any spells.
Your spell library was empty.

Inventory:

Hand Weapons
 g - a +1 flail of venom
 Y - a +0 war axe (weapon)
Missiles
 t - 4 boomerangs (quivered)
Armour
 a - a +0 helmet (worn)
 c - a +0 buckler (worn)
 h - a +0 plate armour (worn)
 s - a +0 cloak (worn)
Jewellery
 f - a ring of fire
 k - a ring of fire
 m - a +6 ring of dexterity (left hand)
 q - an amulet of reflection (around neck)
 r - a +4 ring of evasion
Scrolls
 b - a scroll of identify
 i - a scroll of teleportation
 p - a scroll of torment {unknown}
Potions
 d - a potion of might
 e - 2 potions of attraction
 j - 2 potions of heal wounds
 n - a potion of resistance
 o - a potion of lignification

Dungeon Overview and Level Annotations

Branches:
Dungeon (6/15)             Temple (1/1) D:4

Altars:
Ashenzari
Cheibriados
Dithmenos
Elyvilon
Fedhas
Gozag
Hepliaklqana
Kikubaaqudgha
Makhleb
Nemelex Xobeh
Okawaru
Qazlal
Ru
Sif Muna
Trog
Uskayaw
Vehumet
Wu Jian
Xom
Yredelemnul
Zin

Shops:
D:6 (

Annotations:
D:4 2 transporters, qw's ghost, amateur GrFi


Message History

Your base Fighting skill increases to level 6!
Your Invocations skill increases to level 3!
You have reached level 9!
Your experience leads to an increase in your attributes!
Your base attributes are Str 22, Int 9, Dex 9.
Increase (S)trength, (I)ntelligence, or (D)exterity?
You feel stronger. x2
You slash the scorpion!
You kill the scorpion!
Okawaru accepts your kill.
You slash the iguana!
You kill the iguana!
Okawaru accepts your kill.
You closely miss the wraith. The wraith closely misses you.
You hit the wraith but do no damage.
The wraith is moderately damaged.
You slash the two-headed ogre! You block the two-headed ogre's attack.
The two-headed ogre hits you with a +0 giant club.
The wraith hits you but does no damage.
You slash the wraith!
The wraith is almost destroyed.
You hit the two-headed ogre.
You hit the boulder beetle but do no damage.
The boulder beetle hits you!!
The boulder beetle stops rolling and uncurls.
The wraith barely misses you.
You completely miss the wraith.
The wraith is almost destroyed.
You slash the boulder beetle! You slash the two-headed ogre!
You feel like a meek peon again.
The two-headed ogre hits you but does no damage.
The two-headed ogre completely misses you.
The wraith hits you! You block the boulder beetle's attack.
5008 ||| INVOKING Heroism.
You gain the combat prowess of a mighty hero.
The wraith hits you but does no damage. The boulder beetle bites you!
The two-headed ogre hits you with a +0 giant club!
You die...

..#..........#
#.##....######
#.#####.# #.# #.# #.#
#.# .## ###.# #.#
....###...## #.#
#.....B....## #.# ##
.#.O@....###.# ..
#...%%W?.%....# ##
............#########.#
#....#......... >.##.#
)#..###.....### #.##.#
..#. #..#..### #.##.# .
. ###.......# #.##.# .
..........####.##.#
........)..##.##.#


You could see a boulder beetle, a two-headed ogre and a wraith.

Vanquished Creatures
  Eustachio (D:4)
  Menkaure (D:4)
  4 black bears
  An ogre (D:5)
  2 phantoms
  A bullfrog (D:6)
  5 scorpions
  A jelly (D:5)
  3 hounds (D:5)
  An orc priest (D:5)
  6 iguanas
  An orc wizard (D:6)
  11 adders
  4 worms
  3 dart slugs
  3 orcs
  8 endoplasms
  A giant cockroach (D:2)
  4 goblins
  13 hobgoblins
  3 quokkas
  6 ball pythons
  6 bats
  A frilled lizard (D:1)
  8 kobolds
  10 rats
108 creatures vanquished.

Notes
Turn   | Place    | Note
-------+----------+-------------------------------------------
     0 | D:1      | qw the Gargoyle Fighter began the quest for the Orb.
     0 | D:1      | Reached XP level 1. HP: 14/14 MP: 1/1
     0 | D:1      | 0 ||| qw: Version: 0.2-a-13-gfc7b4b4
     0 | D:1      | 0 ||| qw: Game counter: 1944
     0 | D:1      | 0 ||| qw: Always use a shield: true
     0 | D:1      | 0 ||| qw: God list: Okawaru
     0 | D:1      | 0 ||| qw: Allow faded altars: false
     0 | D:1      | 0 ||| qw: Do Orc after D:15 true
     0 | D:1      | 0 ||| qw: Do second Lair branch before Depths: true
     0 | D:1      | 0 ||| qw: Lair rune preference: random
     0 | D:1      | 0 ||| qw: Plans: Normal, Zot:1-4, God:TSO, Crypt, Tomb,
                  | Pan, Slime:5, Hells, Abyss, Orb
     0 | D:1      | 0 ||| PLANNING D:1-11
   106 | D:1      | Reached skill level 2 in Axes
   259 | D:1      | Reached XP level 2. HP: 19/19 MP: 2/2
   315 | D:1      | Found a faded altar of an unknown god.
   528 | D:1      | Reached skill level 3 in Axes
   743 | D:1      | Reached XP level 3. HP: 23/23 MP: 3/3
   805 | D:1      | 805 ||| UPGRADING to +0 plate armour.
   815 | D:1      | 815 ||| DROPPING +0 scale mail.
   816 | D:1      | 816 ||| UPGRADING to amulet of reflection.
   821 | D:1      | 821 ||| UPGRADING to +6 ring of dexterity.
   822 | D:1      | 822 ||| READING 2 scrolls labelled PAACODA MYTIWUXE.
   923 | D:1      | 923 ||| READING scroll labelled PIYJ EHEHI.
   924 | D:1      | 924 ||| DRINKING 2 fuming puce potions.
   925 | D:1      | 925 ||| DRINKING 2 metallic clear potions.
  1030 | D:1      | 1030 ||| DRINKING 2 dark potions.
  1058 | D:1      | 1058 ||| DROPPING scroll of silence.
  1059 | D:1      | 1059 ||| DROPPING potion of berserk rage.
  1371 | D:2      | 1371 ||| Stepping ~*~*~tactically~*~*~ (stealth).
  1387 | D:2      | Reached XP level 4. HP: 27/28 MP: 4/4
  1621 | D:2      | Reached skill level 4 in Axes
  1918 | D:2      | You fall into a shaft and drop 1 floor!
  2004 | D:3      | Reached XP level 5. HP: 32/32 MP: 5/5
  2039 | D:3      | Noticed a phantom
  2063 | D:3      | Killed a phantom
  2064 | D:3      | Reached skill level 5 in Axes
  2222 | D:3      | 2222 ||| UPGRADING to +0 cloak.
  2227 | D:3      | 2227 ||| DROPPING amulet of the acrobat.
  2228 | D:3      | 2228 ||| READING scroll labelled GOFUSTR HADGHEAQ.
  2229 | D:3      | 2229 ||| READING scroll labelled ACUSYPO ROAJO.
  2230 | D:3      | 2230 ||| READING scroll labelled SAQOLO RASEHUTE.
  2234 | D:3      | 2234 ||| READING scroll labelled TOGELULITH.
  2235 | D:3      | 2235 ||| DRINKING 2 sapphire potions.
  2236 | D:3      | 2236 ||| DROPPING potion of invisibility.
  2268 | D:3      | Reached skill level 1 in Dodging
  2268 | D:3      | Reached XP level 6. HP: 37/37 MP: 6/6
  2613 | D:3      | 2613 ||| UPGRADING to +0 helmet.
  2670 | D:4      | Noticed a black bear
  2678 | D:4      | Killed a black bear
  2680 | D:4      | 2680 ||| FLEEEEING.
  2684 | D:4      | 2684 ||| FLEEEEING.
  2688 | D:4      | 2688 ||| STAIRDANCE
  2735 | D:4      | 2735 ||| Stepping ~*~*~tactically~*~*~ (stealth).
  2736 | D:4      | 2736 ||| Stepping ~*~*~tactically~*~*~ (stealth).
  2738 | D:4      | 2738 ||| Stepping ~*~*~tactically~*~*~ (stealth).
  2790 | D:4      | Found a staircase to the Ecumenical Temple.
  2791 | D:4      | 2791 ||| PLANNING TEMPLE
  2791 | D:4      | 2791 ||| DRINKING 2 viscous silvery potions.
  2792 | D:4      | 2792 ||| DROPPING potion of degeneration.
  2794 | D:4      | 2794 ||| FLEEEEING.
  2795 | D:4      | 2795 ||| FLEEEEING.
  2801 | D:4      | 2801 ||| FLEEEEING.
  2802 | D:4      | 2802 ||| FLEEEEING.
  2803 | D:4      | 2803 ||| FLEEEEING.
  2804 | D:4      | 2804 ||| FLEEEEING.
  2805 | D:4      | 2805 ||| FLEEEEING.
  2810 | D:4      | 2810 ||| FLEEEEING.
  2811 | D:4      | 2811 ||| FLEEEEING.
  2812 | D:4      | 2812 ||| FLEEEEING.
  2813 | D:4      | 2813 ||| FLEEEEING.
  2814 | D:4      | 2814 ||| FLEEEEING.
  2815 | D:4      | 2815 ||| FLEEEEING.
  2816 | D:4      | 2816 ||| FLEEEEING.
  2817 | D:4      | 2817 ||| FLEEEEING.
  2818 | D:4      | 2818 ||| FLEEEEING.
  2827 | D:4      | 2827 ||| FLEEEEING.
  2828 | D:4      | 2828 ||| FLEEEEING.
  2829 | D:4      | 2829 ||| FLEEEEING.
  2830 | D:4      | 2830 ||| FLEEEEING.
  2831 | D:4      | 2831 ||| FLEEEEING.
  2832 | D:4      | 2832 ||| FLEEEEING.
  2833 | D:4      | 2833 ||| FLEEEEING.
  2842 | D:4      | 2842 ||| FLEEEEING.
  2845 | D:4      | 2845 ||| STAIRDANCE
  2850 | D:4      | 2850 ||| FLEEEEING.
  2851 | D:4      | 2851 ||| STAIRDANCE
  2857 | D:4      | 2857 ||| STAIRDANCE
  2917 | D:4      | Noticed Menkaure
  2918 | D:4      | 2918 ||| FLEEEEING.
  2919 | D:4      | 2919 ||| FLEEEEING.
  2939 | D:4      | 2939 ||| FLEEEEING.
  2940 | D:4      | 2940 ||| FLEEEEING.
  2951 | D:4      | 2951 ||| FLEEEEING.
  2952 | D:4      | 2952 ||| FLEEEEING.
  2963 | D:4      | 2963 ||| FLEEEEING.
  2964 | D:4      | 2964 ||| FLEEEEING.
  2977 | D:4      | 2977 ||| FLEEEEING.
  2982 | D:4      | 2982 ||| FLEEEEING.
  2983 | D:4      | 2983 ||| FLEEEEING.
  2984 | D:4      | 2984 ||| Stepping ~*~*~tactically~*~*~ (hiding).
  2986 | D:4      | 2986 ||| Stepping ~*~*~tactically~*~*~ (hiding).
  2987 | D:4      | 2987 ||| FLEEEEING.
  2988 | D:4      | 2988 ||| FLEEEEING.
  2989 | D:4      | 2989 ||| FLEEEEING.
  2990 | D:4      | 2990 ||| FLEEEEING.
  3000 | D:4      | Killed Menkaure
  3001 | D:4      | Reached skill level 6 in Axes
  3001 | D:4      | Reached XP level 7. HP: 32/44 MP: 7/7
  3090 | Temple   | Entered the Ecumenical Temple
  3113 | Temple   | 3113 ||| PLANNING OKAWARU WORSHIP
  3175 | Temple   | Became a worshipper of Warmaster Okawaru
  3176 | Temple   | 3176 ||| PLANNING D:1-11
  3227 | D:4      | Noticed qw's ghost (amateur GrFi)
  3228 | D:4      | Found a transporter.
  3230 | D:4      | Identified the +8 dire flail of a bailey {antimagic, rPois
                  | rN++ Will+}
  3231 | D:4      | Found a transporter.
  3285 | D:4      | Noticed Eustachio
  3296 | D:4      | 3296 ||| FLEEEEING.
  3297 | D:4      | 3297 ||| FLEEEEING.
  3298 | D:4      | 3298 ||| FLEEEEING.
  3299 | D:4      | 3299 ||| FLEEEEING.
  3300 | D:4      | 3300 ||| FLEEEEING.
  3301 | D:4      | 3301 ||| FLEEEEING.
  3302 | D:4      | 3302 ||| FLEEEEING.
  3303 | D:4      | 3303 ||| FLEEEEING.
  3304 | D:4      | 3304 ||| FLEEEEING.
  3306 | D:4      | 3306 ||| FLEEEEING.
  3307 | D:4      | 3307 ||| FLEEEEING.
  3308 | D:4      | 3308 ||| FLEEEEING.
  3309 | D:4      | 3309 ||| FLEEEEING.
  3310 | D:4      | 3310 ||| FLEEEEING.
  3311 | D:4      | 3311 ||| FLEEEEING.
  3312 | D:4      | 3312 ||| FLEEEEING.
  3313 | D:4      | 3313 ||| FLEEEEING.
  3314 | D:4      | 3314 ||| FLEEEEING.
  3315 | D:4      | 3315 ||| FLEEEEING.
  3316 | D:4      | 3316 ||| FLEEEEING.
  3317 | D:4      | 3317 ||| FLEEEEING.
  3318 | D:4      | 3318 ||| FLEEEEING.
  3319 | D:4      | 3319 ||| FLEEEEING.
  3320 | D:4      | 3320 ||| FLEEEEING.
  3321 | D:4      | 3321 ||| FLEEEEING.
  3322 | D:4      | 3322 ||| FLEEEEING.
  3419 | D:4      | 3419 ||| Stepping ~*~*~tactically~*~*~ (stealth).
  3420 | D:4      | 3420 ||| Stepping ~*~*~tactically~*~*~ (stealth).
  3463 | D:4      | Killed Eustachio
  3470 | D:4      | 3470 ||| Invisible monster not found???
  3721 | D:4      | 3721 ||| Stepping ~*~*~tactically~*~*~ (stealth).
  3925 | D:4      | 3925 ||| READING scroll labelled CISIVO LYVORUPS.
  3926 | D:4      | 3926 ||| READING 2 scrolls of identify.
  3926 | D:4      | 3926 ||| IDENTIFYING smoky white potion
  3969 | D:5      | Entered Level 5 of the Dungeon
  4109 | D:5      | 4109 ||| Stepping ~*~*~tactically~*~*~ (stealth).
  4134 | D:5      | 4134 ||| Stepping ~*~*~tactically~*~*~ (hiding).
  4139 | D:5      | 4139 ||| Stepping ~*~*~tactically~*~*~ (stealth).
  4175 | D:5      | Reached skill level 7 in Axes
  4175 | D:5      | Reached XP level 8. HP: 48/48 MP: 8/8
  4276 | D:5      | Reached skill level 1 in Throwing
  4286 | D:5      | 4286 ||| FLEEEEING.
  4287 | D:5      | 4287 ||| FLEEEEING.
  4288 | D:5      | 4288 ||| FLEEEEING.
  4289 | D:5      | 4289 ||| FLEEEEING.
  4290 | D:5      | 4290 ||| FLEEEEING.
  4291 | D:5      | 4291 ||| FLEEEEING.
  4292 | D:5      | 4292 ||| FLEEEEING.
  4293 | D:5      | 4293 ||| FLEEEEING.
  4294 | D:5      | 4294 ||| FLEEEEING.
  4295 | D:5      | 4295 ||| FLEEEEING.
  4296 | D:5      | 4296 ||| FLEEEEING.
  4297 | D:5      | 4297 ||| FLEEEEING.
  4298 | D:5      | 4298 ||| FLEEEEING.
  4299 | D:5      | 4299 ||| FLEEEEING.
  4300 | D:5      | 4300 ||| FLEEEEING.
  4301 | D:5      | 4301 ||| FLEEEEING.
  4302 | D:5      | 4302 ||| FLEEEEING.
  4303 | D:5      | 4303 ||| FLEEEEING.
  4304 | D:5      | 4304 ||| FLEEEEING.
  4306 | D:5      | 4306 ||| FLEEEEING.
  4307 | D:5      | 4307 ||| FLEEEEING.
  4308 | D:5      | 4308 ||| FLEEEEING.
  4309 | D:5      | 4309 ||| FLEEEEING.
  4310 | D:5      | 4310 ||| FLEEEEING.
  4311 | D:5      | 4311 ||| FLEEEEING.
  4360 | D:5      | 4360 ||| DROPPING +0 mace.
  4766 | D:5      | 4766 ||| DRINKING 2 fizzy brown potions.
  4767 | D:5      | 4767 ||| READING 2 scrolls of identify.
  4767 | D:5      | 4767 ||| IDENTIFYING smoky golden potion
  4840 | D:6      | Reached * piety under Okawaru
  4873 | D:6      | Found Qiefu's Antique Weapon Boutique.
  4947 | D:6      | 4947 ||| INVOKING Heroism.
  4955 | D:6      | Reached skill level 8 in Axes
  4984 | D:6      | Reached skill level 1 in Invocations
  4993 | D:6      | 4993 ||| DRINKING potion of curing.
  4993 | D:6      | 4993 ||| (to cure confusion)
  4994 | D:6      | 4994 ||| INVOKING Heroism.
  4995 | D:6      | Noticed a two-headed ogre
  4995 | D:6      | Noticed a wraith
  5000 | D:6      | Noticed a boulder beetle
  5004 | D:6      | Reached skill level 6 in Fighting
  5004 | D:6      | Reached skill level 3 in Invocations
  5004 | D:6      | Reached XP level 9. HP: 53/55 MP: 7/11
  5008 | D:6      | 5008 ||| INVOKING Heroism.
  5008 | D:6      | HP: 4/55 [boulder beetle (17)]
  5008 | D:6      | Slain by a two-headed ogre

Levels and vault maps discovered:
D:1:      eino_arrival_cavern_a, layout_basic, basic_ecumenical_altar,
          nicolae_kite_square_tiling_tiny
D:2:      layout_basic, roderic_roman_lattice, dreamdust_princess_corridor,
          minmay_ruptured
D:3:      layout_rooms
D:4:      layout_basic, minmay_temple_entry_large_hall, gammafunk_ghost_smash,
          uniq_eustachio, uniq_menkaure
D:5:      layout_gridville, kennysheep_doodads, nicolae_figureground_pulse
D:6:      cheibrodos_fzero, layout_loops_ring, serial_shops, nicolae_shop_stone
Temple:   grunt_wide_crystal_templ

Skill      XL: |  1  2  3  4  5  6  7  8 |
---------------+-------------------------+-----
Axes           | 2 3 4 5 6 7 8 |  8.1
Dodging        | 1 |  1.0
Fighting       | 4 6 |  6.0
Armour         | 4 5 |  5.0
Throwing       | 1 |  1.0
Invocations    | 3 |  3.6
Shields        | |  3.2

Action                   |  1- 3 |  4- 6 |  7- 9 || total
-------------------------+-------+-------+-------++-------
Melee: War axe           |    71 |   119 |   144 ||   334
Throw: Boomerang         |    33 |    22 |    33 ||    88
Invok: Heroism           |       |       |     3 ||     3
  Use: Potion            |     3 |     2 |     2 ||     7
       Scroll            |     2 |     4 |     3 ||     9
 Stab: Invisible         |       |     1 |       ||     1
Armor: Scale mail        |    12 |       |       ||    12
       Plate armour      |    19 |    75 |   112 ||   206
Dodge: Dodged            |    11 |    17 |    41 ||    69
Block: Buckler           |    22 |    56 |    94 ||   172
       Reflection        |       |     5 |     1 ||     6

Table legend:
 A = Non-vault XP
 B = Vault XP
 C = Vault XP percentage of total XP
 D = Non-vault monster count
 E = Vault monster count
 F = Vault count percentage of total count
                 A         B        C        D         E       F
            +---------+---------+-------+---------+---------+-------
      Total |    1569 |     905 |  36.6 |      97 |      11 |  10.2
            +---------+---------+-------+---------+---------+-------
        D:1 |      36 |       0 |   0.0 |      21 |       0 |   0.0
        D:2 |      83 |       8 |   8.8 |      26 |       2 |   7.1
        D:3 |     197 |       0 |   0.0 |      19 |       0 |   0.0
        D:4 |     368 |     354 |  49.0 |      13 |       2 |  13.3
        D:5 |     561 |       0 |   0.0 |      14 |       0 |   0.0
        D:6 |     324 |     543 |  62.6 |       4 |       7 |  63.6
            +---------+---------+-------+---------+---------+-------
